 Dungeon Crawl Stone Soup version 0.21.0-3-g78d12a8 (webtiles) character file.

56 Gorice the Skirmisher (level 3, -2/29 HPs)
             Began as a Demonspawn Wanderer on Jan 13, 2018.
             Slain by a worm (7 damage)
             ... on level 2 of the Dungeon.
             The game lasted 00:05:25 (2099 turns).

Gorice the Skirmisher (Demonspawn Wanderer)         Turns: 2099, Time: 00:05:26

Health: -2/29      AC:  7    Str: 13    XL:     3   Next: 71%
Magic:  7/7        EV: 10    Int: 10    God:
Gold:   113        SH:  0    Dex: 15    Spells: 8/8 levels left

rFire    . . .     SeeInvis .   a - +1 short sword
rCold    . . .     Gourm    .   (no shield)
rNeg     . . .     Faith    .   o - +0 ring mail
rPois    .         Spirit   .   (no helmet)
rElec    .         Reflect  .   (no cloak)
rCorr    .         Harm     .   (no gloves)
MR       .....                  (no boots)
Stlth    ++........             (no amulet)
HPRegen  0.09/turn              (no ring)
MPRegen  0.10/turn              (no ring)

@: no status effects
A: slimy green scales 1, nightstalker 1
a: no special abilities


You were on level 2 of the Dungeon.
You were not hungry.

You visited 1 branch of the dungeon, and saw 3 of its levels.

You collected 113 gold pieces.

Inventory:

Hand Weapons
 a - a +1 short sword (weapon)
 e - a +0 dagger
 l - a +0 whip
 q - a +0 trident
 s - a +0 spear
Missiles
 h - 8 tomahawks (quivered)
 Y - 47 stones
Armour
 d - a +1 robe
 o - a +0 ring mail (worn)
Wands
 c - a wand of random effects (15)
Scrolls
 n - a scroll of enchant armour
 p - a scroll of remove curse
Potions
 j - a potion of lignification {!q}
 m - a potion of resistance {!q}
Books
 b - Sif Muna's Collected Works on Displacement

   Spells                             Type                      Level
   a - Apportation                    Translocation                1
   b - Recall                         Summoning/Translocation      3
 i - a book of Minor Magic
Comestibles
 f - 2 rations
 g - 2 chunks of flesh


   Skills:
 + Level 3.6 Fighting
   Level 1.0 Staves
 - Level 1.0 Throwing
 + Level 0.3 Armour
 - Level 1.0 Stealth
 - Level 3.0 Spellcasting
   Level 1.0 Summonings
   Level 1.0 Translocations
 - Level 1.0 Evocations


You had 8 spell levels left.
You didn't know any spells.

Dungeon Overview and Level Annotations

Branches:
Dungeon (3/15)

Altars:
Dithmenos
Hepliaklqana
Okawaru
Sif Muna

Annotations:
D:3 Terence


Innate Abilities, Weirdness & Mutations

You are partially covered in slimy green scales. (AC +2)
You are slightly more attuned to the shadows.


Message History

You climb upwards.
There is a stone staircase leading down here.
You miss the leopard gecko. The leopard gecko misses you.
The worm closely misses you.
You hit the leopard gecko.
You kill the leopard gecko!
The worm barely misses you.
You hit the worm.
The worm is moderately wounded.
The worm bites you.
Damage: 2 (max 6)
You hit the worm.
The worm is moderately wounded.
You barely miss the worm.
The worm is moderately wounded.
The worm bites you but does no damage.
You barely miss the worm.
The worm is moderately wounded.
The worm bites you.
Damage: 3 (max 6)
You hit the worm.
The worm is heavily wounded.
You barely miss the worm.
The worm is heavily wounded.
The worm bites you but does no damage.
You barely miss the worm.
The worm is heavily wounded.
You hit the worm but do no damage.
The worm is heavily wounded.
The worm bites you!
* * * LOW HITPOINT WARNING * * *
Damage: 8 (max 8)
You are too injured to fight recklessly!
You are too injured to fight recklessly!
You are too injured to fight recklessly!
You are too injured to fight recklessly!
You hit the worm.
The worm is heavily wounded.
The worm bites you.
* * * LOW HITPOINT WARNING * * *
Damage: 3 (max 8)
You barely miss the worm.
The worm is moderately wounded.
You hit the worm.
The worm is heavily wounded.
The worm closely misses you.
You hit the worm.
The worm is heavily wounded.
The worm bites you!
You die...

########....##.................
#..<........##>................
#..............<.............##
#.(.......).##...........#####
#........................#
#...........##...........#
#...........##...........#
##############...........#
#@w.........# #############


You could see a worm.

Vanquished Creatures
  An adder (D:2)
  2 dart slugs
  2 leopard geckos (D:2)
  3 giant cockroaches
  6 goblins
  7 hobgoblins
  4 kobolds (D:1)
  2 quokkas (D:2)
  6 bats
  2 frilled lizards
  5 rats
40 creatures vanquished.

Notes
Turn   | Place    | Note
-------+----------+-------------------------------------------
     0 | D:1      | Gorice the Demonspawn Wanderer began the quest for the Orb.
     0 | D:1      | Gorice set off with: a book of Minor Magic, Sif Muna's Collected Works on Displacement, a wand of random effects (15), a +0 robe, a +0 dagger, a ration
     0 | D:1      | Reached XP level 1. HP: 15/15 MP: 4/4
     0 | D:1      | Identified Sif Muna's Collected Works on Displacement
    69 | D:1      | HP: 4/15 [kobold/short sword (1)]
   424 | D:1      | Reached skill level 2 in Fighting
   428 | D:1      | Gained mutation: You are slightly more attuned to the shadows. [demonic ancestry]
   428 | D:1      | Reached XP level 2. HP: 22/22 MP: 6/6
   651 | D:1      | HP: 6/23 [dart slug (3)]
  1563 | D:2      | Reached skill level 3 in Fighting
  1569 | D:2      | Gained mutation: You are partially covered in slimy green scales. (AC +2) [demonic ancestry]
  1569 | D:2      | Reached XP level 3. HP: 27/29 MP: 7/7
  1828 | D:2      | Found a shadowy altar of Dithmenos.
  1829 | D:2      | Found a deep blue altar of Sif Muna.
  1829 | D:2      | Found a hazy altar of Hepliaklqana.
  1830 | D:2      | Found an iron altar of Okawaru.
  2079 | D:3      | Noticed Terence
  2095 | D:2      | HP: 7/29 [worm (8)]
  2099 | D:2      | Slain by a worm

Skill      XL: |  1  2 |
---------------+-------+-----
Fighting       | 2 3 |  3.6
Staves         | |  1.0
Throwing       | |  1.0
Armour         | |  0.3
Stealth        | |  1.0
Spellcasting   | |  3.0
Summonings     | |  1.0
Translocations | |  1.0
Evocations     | |  1.0

Action                   || total
-------------------------++-------
Melee: Dagger            ||    20
       Short sword       ||   140
  Use: Scroll            ||     9
 Stab: Sleeping          ||     9
  Eat: Chunk             ||     4
Armor: Robe              ||    41
       Ring mail         ||     7
Dodge: Dodged            ||   121

Table legend:
 A = Turns spent in this place as a percentage of turns spent in the entire game.
 B = Non-inter-level travel turns spent in this place as a percentage of non-inter-level travel turns spent in the entire game.
 C = Inter-level travel turns spent in this place as a percentage of turns spent in this place.
 D = Turns resting spent in this place as a percentage of non-inter-level travel turns spent in this place.
 E = Turns spent auto-exploring this place as a percentage of non-inter-level travel turns spent in this place.
 F = Non-inter-level travel turns spent in this place divided by the number of levels of this place that you've seen.
                   A       B       C       D       E      F
               +-------+-------+-------+-------+-------+----------------------
         Total | 100.0 | 100.0 |   4.0 |  23.7 |  49.1 | 672.0
       Dungeon | 100.0 | 100.0 |   4.0 |  23.7 |  49.1 | 672.0
               +-------+-------+-------+-------+-------+----------------------

Vault maps used:
D:1:      shiori_arrival_oz
D:2:      chequers_temple_overflow_statue_of_worship
D:3:      led_sif_book, uniq_crazy_yiuf_cottage, uniq_terence
